[Event "Hastings International Chess Congress"]
[Site "?"]
[Date "2014.01.03"]
[Round "7.1"]
[White "Hawkins, Jonathan"]
[Black "Mchedlishvili, Mikheil"]
[Result "1/2-1/2"]
[ECO "D97"]
[WhiteElo "2512"]
[BlackElo "2649"]
[PlyCount "140"]
[EventDate "2014.??.??"]
[TimeControl "6600+1135"]
[WhiteClock "0:40:12"]
[BlackClock "0:17:21"]

1. d4 Nf6 2. c4 g6 3. Nc3 d5 4. Nf3 Bg7 5. Qb3 dxc4 6. Qxc4 O-O 7. e4 Na6 8.
Be2 c5 9. d5 e6 10. O-O exd5 11. exd5 Bf5 12. Be3 Qb6 13. b3 Rfe8 14. Rad1 Qa5
15. Bd2 Qb6 16. Nh4 Bd7 17. Rfe1 Nb4 18. Rc1 Qa5 19. Nf3 Rac8 20. a3 Qxa3 21.
Ra1 Qb2 22. Rxa7 Bg4 23. Nd1 Qc2 24. Ne3 Qxc4 25. bxc4 b6 26. Rb1 Ra8 27. Rxa8
Rxa8 28. h3 Bxf3 29. Bxf3 Nd7 30. d6 Ra1 31. Rxa1 Bxa1 32. Bg4 f5 33. Nxf5 gxf5
34. Bxf5 Nf6 35. g4 Nc6 36. Kg2 Be5 37. d7 Bc7 38. Bc3 Nd4 39. g5 Nh5 40. Bxd4
cxd4 41. Kf3 Ng7 42. Bg4 Kf7 43. Ke4 Ke7 44. h4 Ne6 45. Bf5 d3 46. Kxd3 Kxd7
47. Ke4 Ke7 48. Bxh7 Nf4 49. Bf5 Ng2 50. h5 Kf7 51. Bg4 Bd8 52. f4 Bc7 53. f5
Bd8 54. f6 Bxf6 55. gxf6 Kxf6 56. h6 Nh4 57. Bh5 Ng2 58. h7 Kg7 59. Bg6 Ne1 60.
Ke3 Ng2+ 61. Kd4 Nf4 62. Bf5 Ne2+ 63. Ke5 Nc3 64. Bc2 Ne2 65. Kd5 Nf4+ 66. Kc6
Ng2 67. Kxb6 Ne3 68. c5 Nxc2 69. c6 Nb4 70. c7 Nd5+ 1/2-1/2

[Event "Hastings International Chess Congress"]
[Site "?"]
[Date "2014.01.03"]
[Round "7.2"]
[White "Khenkin, Igor"]
[Black "Wegerle, Joerg"]
[Result "1-0"]
[ECO "D43"]
[WhiteElo "2598"]
[BlackElo "2431"]
[PlyCount "67"]
[EventDate "2014.??.??"]
[TimeControl "6600+1450"]
[WhiteClock "0:04:04"]
[BlackClock "0:00:39"]

1. d4 d5 2. c4 c6 3. Nf3 Nf6 4. Nc3 e6 5. Bg5 Nbd7 6. cxd5 cxd5 7. e3 a6 8. Bd3
Bd6 9. O-O O-O 10. Rc1 h6 11. Bh4 b5 12. e4 Bf4 13. e5 g5 14. Bg3 Bxc1 15. Qxc1
Nh5 16. h4 Nxg3 17. fxg3 f6 18. exf6 Qxf6 19. Qe3 Bb7 20. Nxg5 Qe7 21. Nf3 Rf6
22. Ne2 e5 23. dxe5 Re8 24. Ned4 Nxe5 25. Nf5 Nxf3+ 26. Qxf3 Qc7 27. Qh5 Kf8
28. Kh2 Qf7 29. Qg4 Qc7 30. Nxh6 Rxf1 31. Bxf1 Ke7 32. Bd3 Qe5 33. Qg6 Bc8 34.
Qh7+ 1-0

[Event "Hastings International Chess Congress"]
[Site "?"]
[Date "2014.01.03"]
[Round "7.3"]
[White "Pert, Nicholas"]
[Black "Ma, Qun"]
[Result "1/2-1/2"]
[ECO "D18"]
[WhiteElo "2554"]
[BlackElo "2595"]
[PlyCount "47"]
[EventDate "2014.??.??"]
[TimeControl "6600+815"]
[WhiteClock "1:27:11"]
[BlackClock "1:21:33"]

1. d4 d5 2. c4 c6 3. Nf3 Nf6 4. Nc3 dxc4 5. a4 Bf5 6. e3 e6 7. Bxc4 Bb4 8. O-O
Nbd7 9. Qe2 Bg6 10. e4 O-O 11. Bd3 Bh5 12. e5 Nd5 13. Nxd5 cxd5 14. Qe3 Be7 15.
Ng5 Bxg5 16. Qxg5 Bg6 17. Be2 Qxg5 18. Bxg5 Nb8 19. Rfc1 Nc6 20. Be3 Rfc8 21.
Rc3 Ne7 22. Rac1 Rxc3 23. Rxc3 Rc8 24. Rxc8+ 1/2-1/2

[Event "Hastings International Chess Congress"]
[Site "?"]
[Date "2014.01.03"]
[Round "7.4"]
[White "Tomczak, Jacek"]
[Black "Sowray, Peter J"]
[Result "1/2-1/2"]
[ECO "B06"]
[WhiteElo "2569"]
[BlackElo "2326"]
[PlyCount "151"]
[EventDate "2014.??.??"]
[TimeControl "6600+1510"]
[WhiteClock "0:14:01"]
[BlackClock "0:04:28"]

1. e4 g6 2. d4 Bg7 3. Nc3 d6 4. f4 a6 5. Nf3 b5 6. Bd3 Nd7 7. e5 c5 8. Be4 Rb8
9. O-O cxd4 10. Nxd4 dxe5 11. Nc6 Qb6+ 12. Kh1 Ngf6 13. Nxb8 Qxb8 14. fxe5 Nxe5
15. Bf4 O-O 16. Bf3 b4 17. Nd5 Nxd5 18. Qxd5 Be6 19. Qe4 Bf5 20. Qe2 Qb5 21.
Qxb5 axb5 22. Rae1 Nxf3 23. Rxf3 Bxb2 24. Rxe7 Be6 25. h3 Rc8 26. Bd6 h5 27.
Rc7 Rd8 28. Rd3 Bc3 29. a3 Bc4 30. Be7 Ra8 31. Rxc3 bxc3 32. Bf6 Kh7 33. h4
Rxa3 34. Rc8 g5 35. hxg5 Kg6 36. Kh2 Ra2 37. Bxc3 Kxg5 38. Rc5+ Kg6 39. Rc6+
Kh7 40. Rc5 Kg6 41. Rc6+ Kh7 42. Rc5 Rxc2 43. Rxh5+ Kg6 44. Rh3 Bd5 45. Rg3+
Kf5 46. Ba5 Ke4 47. Kh3 Be6+ 48. Kh4 Rb2 49. Bc3 Rb1 50. Rg8 b4 51. Bg7 b3 52.
Rb8 Rg1 53. Kg3 Rf1 54. Rb6 Kd3 55. Kh4 Rf4+ 56. Kh5 Kc2 57. g3 Rc4 58. Bf6 Bf5
59. Kg5 Bg6 60. g4 Ra4 61. Rc6+ Kb1 62. Rb6 Ka2 63. Rb7 Re4 64. Ra7+ Kb1 65.
Rb7 Re3 66. Kh6 Kc2 67. Rc7+ Kd1 68. Rb7 Re6 69. Kg7 Rxf6 70. Kxf6 Kc2 71. Rc7+
Kb1 72. Rb7 b2 73. Rb8 Kc1 74. Rc8+ Bc2 75. Rb8 b1=Q 76. Rxb1+ 1/2-1/2